 Dungeon Crawl Stone Soup version 0.18.1-8-gdd0e5ea (webtiles) character file.

366 Raiden350 the Stinger (level 6, -1/48 HPs)
             Began as a Draconian Venom Mage on June 2, 2016.
             Was a Follower of Vehumet.
             Slain by a worker ant (3 damage)
             ... on level 6 of the Dungeon on June 3, 2016.
             The game lasted 00:24:47 (5954 turns).

Raiden350 the Stinger (Draconian Venom Mage)        Turns: 5954, Time: 00:24:48

Health: -1/48      AC:  7    Str:  7 (10) XL:     6   Next: 40%
Magic:  11/12      EV: 12    Int: 17      God:    Vehumet [*.....]
Gold:   212        SH:  0    Dex: 12      Spells: 4 memorised, 3 levels left

rFire  . . .     SeeInvis .     p - +0 spear
rCold  . . .     Gourm    .     (armour unavailable)
rNeg   . . .     Faith    .     (no shield)
rPois  +         Spirit   .     (helmet restricted)
rElec  .         Dismiss  .     (no cloak)
rCorr  .         Reflect  .     j - +0 pair of gloves
SustAt .         Harm     .     (no boots)
MR     .....                    (no amulet)
Stlth  ++........               (no ring)
                                y - ring of poison resistance

@: not resistant to hostile enchantments, unstealthy
A: unfitting armour, cold-blooded, AC +6
a: Renounce Religion


You were on level 6 of the Dungeon.
You worshipped Vehumet.
Vehumet was aware of your devotion.
You were not hungry.

You visited 2 branches of the dungeon, and saw 7 of its levels.

You collected 212 gold pieces.

Inventory:

Hand Weapons
 n - a +0 vampiric short sword
 p - a +0 spear (weapon)
 s - a +0 halberd
Missiles
 v - 5 tomahawks of returning (quivered)
Armour
 j - a +0 pair of gloves (worn)
Jewellery
 y - a ring of poison resistance (left hand)
Wands
 r - a wand of iceblast (4/15)
 t - a wand of paralysis (0/24)
 w - a wand of confusion (15/48)
Scrolls
 c - a scroll of enchant armour {unknown}
 d - 4 scrolls of recharging {unknown}
 e - 6 scrolls of identify {unknown}
 f - 2 scrolls of noise {unknown}
 h - 4 scrolls of remove curse {unknown}
 m - 2 scrolls of fear {unknown}
 u - 2 scrolls of teleportation {unknown}
 x - 3 scrolls of amnesia {unknown}
Potions
 g - 2 potions of brilliance
 l - 3 potions of curing
 o - a potion of heal wounds
Books
 a - a Young Poisoner's Handbook

   Spells                             Type                      Level
   a - Sting                          Conjuration/Poison           1
   b - Cure Poison                    Poison                       2
   c - Mephitic Cloud                 Conjuration/Poison/Air       3
   d - Olgreb's Toxic Radiance        Poison                       4
   e - Venom Bolt                     Conjuration/Poison           5
Comestibles
 b - 3 bread rations
 i - a fruit
 k - a meat ration
 q - a beef jerky


   Skills:
 + Level 2.0 Fighting
 + Level 2.0 Polearms
 - Level 1.7 Dodging
 - Level 1.7 Stealth
 - Level 4.2 Spellcasting
 - Level 2.2 Conjurations
 - Level 5.1 Poison Magic


You had 3 spell levels left.
You knew the following spells:

 Your Spells              Type           Power        Failure   Level  Hunger
a - Sting                 Conj/Pois      ###.         3%          1    None
b - Cure Poison           Pois           ###.......   2%          2    ##.....
c - Mephitic Cloud        Conj/Pois/Air  ##......     21%         3    ###....
d - Olgreb's Toxic Radia  Pois           ###.....     21%         4    ####...


Dungeon Overview and Level Annotations

Branches:
Dungeon (6/15)             Temple (1/1) D:4

Altars:
Cheibriados
Elyvilon
Fedhas
Gozag
Makhleb
Nemelex Xobeh
Okawaru
Pakellas
Qazlal
Ru
Trog
Vehumet
Xom
Yredelemnul
Zin
The Shining One

Annotations:
D:6 smzp's ghost, novice OgFi


Innate Abilities, Weirdness & Mutations

Your plain brown scales are hard (AC +6).
Your body does not fit into most forms of armour.
You are cold-blooded and may be slowed by cold attacks.


Message History

Confirm with . or Enter, or press ? or * to list all spells.
Aiming: Sting
Press: ? - help, Shift-Dir - straight line, f - worker ant
Aim: a worker ant The sting hits the worker ant.
The worker ant is poisoned.
The worker ant is heavily wounded.
The worker ant misses you. The iguana bites you.
You hit the iguana but do no damage.
The iguana is severely wounded.
The worker ant bites you. The iguana barely misses you.
You hit the iguana but do no damage.
The iguana is severely wounded.
The worker ant bites you but does no damage.
The iguana bites you. The worker ant closely misses you.
You closely miss the iguana.
The iguana is severely wounded.
The iguana bites you!
* * * LOW HITPOINT WARNING * * *
The worker ant bites you.
You die...

## #.. .... ##..#####
.....## .........
##......### .........
#.........#####.......
#..................#
................a.####
...^...........@l....#
........................
........................
................###.....
................# #...#
...............## ....
...............# ...
................# .<
.................


You could see an iguana and a worker ant.

Vanquished Creatures
  2 giant frog zombies (D:5)
  A centaur skeleton (D:5)
  2 orc wizards (D:4)
  A giant frog skeleton (D:4)
  A worker ant (D:4)
  A hound zombie (D:5)
  4 gnolls (D:3)
  2 adders
  An ooze (D:3)
  3 worms
  A dart slug (D:1)
  2 giant geckos (D:1)
  14 orcs
  A ball python (D:3)
  5 giant cockroaches
  5 goblins
  A hobgoblin (D:2)
  2 quokkas
  8 bats
  2 giant newts
  5 kobolds
  8 rats
72 creatures vanquished.

Notes
Turn   | Place    | Note
--------------------------------------------------------------
     0 | D:1      | Raiden350 the Draconian Venom Mage began the quest for the Orb.
     0 | D:1      | Reached XP level 1. HP: 14/14 MP: 3/3
   314 | D:1      | Reached XP level 2. HP: 19/20 MP: 0/5
  1269 | D:2      | Reached XP level 3. HP: 13/26 MP: 1/7
  1278 | D:2      | Found a glowing golden altar of the Shining One.
  1723 | D:2      | Found an iron altar of Okawaru.
  2161 | D:3      | Learned a level 2 spell: Cure Poison
  2165 | D:3      | Learned a level 3 spell: Mephitic Cloud
  2332 | D:3      | Reached XP level 4. HP: 20/33 MP: 10/10
  2913 | D:3      | Reached skill level 1 in Polearms
  3125 | D:4      | Found a staircase to the Ecumenical Temple.
  3131 | Temple   | Entered the Ecumenical Temple
  3156 | Temple   | Became a worshipper of Vehumet
  3201 | D:4      | Reached skill level 1 in Fighting
  3243 | D:4      | Reached XP level 5. HP: 14/41 MP: 11/11
  3632 | D:4      | Found a white marble altar of Elyvilon.
  3796 | D:4      | Learned a level 4 spell: Olgreb's Toxic Radiance
  4339 | D:5      | Entered Level 5 of the Dungeon
  4398 | D:5      | Reached skill level 5 in Poison Magic
  4398 | D:5      | Reached XP level 6. HP: 34/48 MP: 12/12
  4412 | D:5      | Reached * piety under Vehumet
  4412 | D:5      | Offered knowledge of Sandblast by Vehumet.
  4532 | D:5      | Reached skill level 1 in Conjurations
  5594 | D:6      | Noticed smzp's ghost (novice OgFi)
  5954 | D:6      | HP: 2/48 [iguana (13)]
  5954 | D:6      | Slain by a worker ant

Skill      XL: |  1  2  3  4  5  6 |
---------------+-------------------+-----
Spellcasting   | 3 4 |  4.2
Polearms       | 1 2 |  2.0
Fighting       | 1 2 |  2.0
Poison Magic   | 5 |  5.1
Conjurations   | 2 |  2.2
Dodging        | |  1.7
Stealth        | |  1.7

Action                   |  1- 3 |  4- 6 || total
-------------------------+-------+-------++-------
Melee: Unarmed           |    60 |       ||    60
       Tailslap          |     6 |    21 ||    27
       Spear             |     6 |   187 ||   193
Throw: Throwing net      |       |     1 ||     1
 Cast: Sting             |    56 |    52 ||   108
       Mephitic Cloud    |       |     4 ||     4
Evoke: Wand              |     1 |     5 ||     6
  Use: Potion            |     4 |     2 ||     6
 Stab: Distracted        |     1 |       ||     1
       Sleeping          |     1 |     1 ||     2
  Eat: Fruit             |     2 |     1 ||     3
       Chunk             |     2 |     1 ||     3
       Bread ration      |     1 |       ||     1
       Pizza             |     1 |       ||     1
       Meat ration       |       |     1 ||     1
Armor: Skin              |    23 |    53 ||    76
Dodge: Dodged            |    56 |   110 ||   166
